Jets vs Sharks
(R1)
Created - April 16, 2023 at 22:24
Goals
|
| Jets |
1 |
2 |
2 |
5 |
| Sharks |
1 |
1 |
2 |
4 |
|
Shots
|
| Jets |
9 |
12 |
20 |
41 |
| Sharks |
10 |
13 |
13 |
36 |
|
1st period
1. Jets , Max Domi 19 (Tyler Toffoli 27, Tyler Seguin 45) at 8:51
2. Sharks , Ronalds Kenins 27 (Drew Doughty 60, Boone Jenner 25) at 17:58
Penalties :
Mike Lundin (S.J) for Roughing (Minor) at 0:15, Mike Lundin (S.J) for Slashing (Minor) at 4:26, Markus Nutivaara (S.J) for Hooking (Minor) at 8:54, Marco Scandella (Win) for Kneeing (Minor) at 15:33
2nd period
3. Jets , Adam Larsson 2 (Marco Scandella 14, Anthony Mantha 12) at 1:46
4. Jets , Alex Galchenyuk 35 (Ryan Johansen 51) at 2:32 (PP)
5. Sharks , Brandon Dubinsky 29 (Joe Pavelski 26, Dion Phaneuf 11) at 17:14 (PP)
Penalties :
Daniel Carcillo (S.J) for Tripping (Minor) at 2:31, Max Domi (Win) for Tripping (Minor) at 6:44, Tyler Seguin (Win) for Diving (Minor) at 12:23, Troy Stetcher (Win) for Holding (Minor) at 16:37
3rd period
6. Jets , Tyler Toffoli 26 (Ryan Johansen 52) at 3:40 (PP)
7. Sharks , Conor Sheary 17 (Zach Parise 19, Drew Doughty 61) at 10:48
8. Jets , Jussi Jokinen 9 (Alexander Wennberg 9, Anthony Mantha 13) at 13:51
9. Sharks , Oscar Sundqvist 11 (Zach Parise 20) at 18:03
Penalties :
Daniel Carcillo (S.J) for Hooking (Minor) at 0:22, Ronalds Kenins (S.J) for Tripping (Minor) at 3:38, Ryan Murray (Win) for Tripping (Minor) at 11:05, Brandon Dubinsky (S.J) for Hooking (Minor) at 18:29
Goalie Stats
Jacob Markstrom (Win), 32 saves from 36 shots - (0.889), W, 33-18-5, 60:00 minutes
Philipp Grubauer (S.J), 36 saves from 41 shots - (0.878), L, 22-18-6, 60:00 minutes
Players Stats for Jets
Player Name G A P +/- PIM S H SB GA TA FO MP PP MP PK MP
------------------------------------------------------------------------------------
Adam Larsson 1 0 1 1 0 1 0 1 0 1 0/0 14:49 0:00 3:07
Alex Galchenyuk 1 0 1 -1 0 6 0 0 0 0 1/2 18:17 4:47 1:10
Alexander Wennberg 0 1 1 2 0 2 0 0 0 0 1/3 12:03 0:00 1:10
Anthony Mantha 0 2 2 2 0 1 1 0 0 0 2/2 10:25 0:00 0:00
Brent Burns 0 0 0 -2 0 2 0 2 2 0 0/0 21:01 3:58 2:26
Dougie Hamilton 0 0 0 2 0 0 0 1 1 0 0/0 25:07 5:31 2:54
Frank Vatrano 0 0 0 -1 0 0 1 0 0 0 0/0 8:14 0:00 2:10
Jussi Jokinen 1 0 1 2 0 4 2 0 0 1 1/2 10:25 0:00 0:00
Marco Scandella 0 1 1 0 2 1 1 0 0 1 0/0 15:25 0:00 4:27
Max Domi 1 0 1 -1 2 4 3 0 1 0 0/1 17:51 4:42 0:00
Nick Bjugstad 0 0 0 -1 0 3 2 0 0 2 0/2 22:57 4:42 5:13
Noel Acciari 0 0 0 0 0 2 1 1 1 0 0/1 5:38 0:00 0:00
Ryan Johansen 0 2 2 -1 0 6 2 1 1 1 19/32 22:20 4:47 5:13
Ryan Murray 0 0 0 2 2 3 0 3 0 0 0/0 24:50 3:58 4:12
Sam Reinhart 0 0 0 0 0 1 0 0 0 0 1/1 5:38 0:00 0:00
Troy Stetcher 0 0 0 -3 2 0 0 1 0 2 0/0 18:48 5:31 0:00
Tyler Seguin 0 1 1 0 2 2 6 0 0 0 12/22 17:47 4:42 0:00
Tyler Toffoli 1 1 2 -1 0 3 1 0 0 0 1/2 19:47 4:47 2:10
Players Stats for Sharks
Player Name G A P +/- PIM S H SB GA TA FO MP PP MP PK MP
------------------------------------------------------------------------------------
Andreas Martinsen 0 0 0 0 0 0 1 0 0 0 0/1 8:05 0:04 2:07
Boone Jenner 0 1 1 1 0 0 1 0 0 2 6/10 19:13 3:36 4:23
Brandon Dubinsky 1 0 1 -1 2 7 0 0 2 0 21/48 22:46 4:57 4:19
Brendan Gaunce 0 0 0 0 0 2 0 0 0 0 1/2 6:30 0:00 0:47
Conor Sheary 1 0 1 0 0 1 1 0 0 0 0/0 11:30 0:00 0:00
Daniel Carcillo 0 0 0 -1 4 1 0 2 0 0 1/2 23:19 4:53 4:25
Dion Phaneuf 0 1 1 1 0 2 2 2 0 0 0/0 22:07 3:54 3:26
Drew Doughty 0 2 2 2 0 3 1 2 0 1 0/0 30:40 4:39 6:14
Gustav Nyquist 0 0 0 0 0 0 0 0 0 1 0/0 5:54 0:00 0:45
Joe Pavelski 0 1 1 -1 0 1 0 1 0 0 0/2 18:28 4:57 0:00
Karl Alzner 0 0 0 -3 0 0 0 1 0 0 0/0 10:11 0:00 1:34
Markus Nutivaara 0 0 0 -3 2 3 1 0 0 0 0/0 7:24 0:00 0:00
Mike Lundin 0 0 0 2 4 2 2 0 2 0 0/0 27:23 4:39 3:36
Oscar Sundqvist 1 0 1 0 0 4 1 0 2 0 2/3 11:30 0:00 0:00
Ronalds Kenins 1 0 1 1 2 3 1 0 2 1 0/0 16:52 3:36 2:12
Tyler Cuma 0 0 0 1 0 0 3 0 0 1 0/0 22:49 3:54 4:08
Wayne Simmonds 0 0 0 1 0 3 0 0 0 0 0/1 14:13 3:36 0:00
Zach Parise 0 2 2 0 0 4 0 0 0 0 1/1 11:30 0:00 0:00
3 Stars
1 - Jussi Jokinen (Win)
2 - Anthony Mantha (Win)
3 - Drew Doughty (S.J)
Power Play
Jets - 2 on 7 Attempt(s) - 28.57%
Sharks - 1 on 5 Attempt(s) - 20.00%
Penalty Kill
Jets - 4 on 5 Attempt(s) - 80.00%
- Score 0 goal in Penalty Kill
Sharks - 5 on 7 Attempt(s) - 71.43%
- Score 0 goal in Penalty Kill
Team Stat
Jets - Hits : 20 - Faceoff Wins : 38 - Blocked Shots : 10 - Penalty Minutes : 10
Sharks - Hits : 14 - Faceoff Wins : 32 - Blocked Shots : 8 - Penalty Minutes : 14
Official
Referees : Justin St. Pierre and Pierre Lambert
Linesman : Greg Devorski and Libor Suchanek
Game Notes
No Game Note
Finance
Level 1 -- Attendance: 6000 (100.00%) -- Ticket Income $600,000
Level 2 -- Attendance: 4774 (95.48%) -- Ticket Income $286,440
Level 3 -- Attendance: 2000 (100.00%) -- Ticket Income $70,000
Level 4 -- Attendance: 4000 (100.00%) -- Ticket Income $100,000
Luxury Box -- Attendance: 984 (98.40%) -- Ticket Income $196,800
Game was played at the SAP Center.
Total Attendance: 17758 (98.66%)
Total Ticket Income: $1,253,240
Other Income: $187,986
Total Income: $1,441,226
Jets
5 vs 5 Forward
Center Left Wing Right Wing Time % Phy DF OF
1 Ryan Johansen Alex Galchenyuk Nick Bjugstad 35 1 2 2
2 Tyler Seguin Max Domi Tyler Toffoli 35 1 2 2
3 Alexander Wennberg Jussi Jokinen Anthony Mantha 20 1 2 2
4 Noel Acciari Frank Vatrano Sam Reinhart 10 1 2 2
5 vs 5 Defense
Defense Defense Time % Phy DF OF
1 Ryan Murray Dougie Hamilton 38 1 2 2
2 Adam Larsson Marco Scandella 31 1 2 2
3 Brent Burns Troy Stetcher 31 1 2 2
4 Ryan Murray Adam Larsson 0 1 2 2
PowerPlay Forward
Center Left Wing Right Wing Time % Phy DF OF
1 Ryan Johansen Alex Galchenyuk Tyler Toffoli 55 1 0 4
2 Tyler Seguin Max Domi Nick Bjugstad 45 1 0 4
PowerPlay Defense
Defense Defense Time % Phy DF OF
1 Troy Stetcher Dougie Hamilton 60 0 1 4
2 Brent Burns Ryan Murray 40 0 1 4
Penalty Kill 4 Players Forward
Center Wing Time % Phy DF OF
1 Ryan Johansen Nick Bjugstad 60 1 2 2
2 Tyler Toffoli Frank Vatrano 40 1 2 2
Penalty Kill 4 Players Defense
Defense Defense Time % Phy DF OF
1 Ryan Murray Marco Scandella 60 1 3 1
2 Dougie Hamilton Adam Larsson 40 1 3 1
Penalty Kill - 3 Players Forward
Forward Time % Phy DF OF
1 Ryan Johansen 60 0 4 1
2 Tyler Seguin 40 0 4 1
Penalty Kill - 3 Players Defense
Defense Defense Time % Phy DF OF
1 Ryan Murray Marco Scandella 60 1 4 0
2 Adam Larsson Dougie Hamilton 40 1 4 0
4 vs 4 Forward
Center Wing Time % Phy DF OF
1 Ryan Johansen Alex Galchenyuk 60 1 2 2
2 Tyler Seguin Max Domi 40 1 2 2
4 vs 4 Defense
Defense Defense Time % Phy DF OF
1 Adam Larsson Marco Scandella 60 1 2 2
2 Dougie Hamilton Ryan Murray 40 1 2 2
Last Minutes Offensive
Center Left Wing Right Wing Defense Defense
Ryan Johansen Alex Galchenyuk Tyler Toffoli Dougie Hamilton Marco Scandella
Last Minutes Defensive
Center Left Wing Right Wing Defense Defense
Ryan Johansen Frank Vatrano Tyler Toffoli Ryan Murray Marco Scandella
Goaltenders
Starting : Jacob Markstrom
Backup : Elvis Merzlikins
Extra Forwards
Normal : Nick Bjugstad, Max Domi, Sam Reinhart - PP : Nick Bjugstad, Alexander Wennberg - PK : Nick Bjugstad
Extra Defensemen
Normal : Dougie Hamilton, Adam Larsson, Marco Scandella - PP : Brent Burns - PK : Brent Burns, Marco Scandella
Penalty Shots
Ryan Johansen, Tyler Toffoli, Tyler Seguin, Jussi Jokinen, Nick Bjugstad
Scratches
None
Sharks
5 vs 5 Forward
Center Left Wing Right Wing Time % Phy DF OF
1 Brandon Dubinsky Daniel Carcillo Joe Pavelski 40 0 2 3
2 Boone Jenner Ronalds Kenins Wayne Simmonds 30 0 2 3
3 Oscar Sundqvist Zach Parise Conor Sheary 20 0 2 3
4 Brendan Gaunce Andreas Martinsen Gustav Nyquist 10 1 2 2
5 vs 5 Defense
Defense Defense Time % Phy DF OF
1 Drew Doughty Mike Lundin 40 0 2 3
2 Dion Phaneuf Tyler Cuma 30 0 2 3
3 Karl Alzner Markus Nutivaara 20 1 2 2
4 Drew Doughty Mike Lundin 10 1 2 2
PowerPlay Forward
Center Left Wing Right Wing Time % Phy DF OF
1 Brandon Dubinsky Daniel Carcillo Joe Pavelski 60 0 2 3
2 Boone Jenner Ronalds Kenins Wayne Simmonds 40 0 2 3
PowerPlay Defense
Defense Defense Time % Phy DF OF
1 Drew Doughty Mike Lundin 60 0 2 3
2 Dion Phaneuf Tyler Cuma 40 0 2 3
Penalty Kill 4 Players Forward
Center Wing Time % Phy DF OF
1 Brandon Dubinsky Daniel Carcillo 60 1 4 0
2 Boone Jenner Ronalds Kenins 40 1 4 0
Penalty Kill 4 Players Defense
Defense Defense Time % Phy DF OF
1 Drew Doughty Mike Lundin 60 1 4 0
2 Dion Phaneuf Tyler Cuma 40 1 4 0
Penalty Kill - 3 Players Forward
Forward Time % Phy DF OF
1 Brandon Dubinsky 60 1 4 0
2 Boone Jenner 40 1 4 0
Penalty Kill - 3 Players Defense
Defense Defense Time % Phy DF OF
1 Drew Doughty Mike Lundin 60 1 4 0
2 Dion Phaneuf Tyler Cuma 40 1 4 0
4 vs 4 Forward
Center Wing Time % Phy DF OF
1 Brandon Dubinsky Daniel Carcillo 60 0 3 2
2 Boone Jenner Ronalds Kenins 40 0 3 2
4 vs 4 Defense
Defense Defense Time % Phy DF OF
1 Drew Doughty Mike Lundin 60 0 3 2
2 Dion Phaneuf Tyler Cuma 40 0 3 2
Last Minutes Offensive
Center Left Wing Right Wing Defense Defense
Brandon Dubinsky Daniel Carcillo Joe Pavelski Drew Doughty Mike Lundin
Last Minutes Defensive
Center Left Wing Right Wing Defense Defense
Brandon Dubinsky Daniel Carcillo Joe Pavelski Drew Doughty Mike Lundin
Goaltenders
Starting : Philipp Grubauer
Backup : Malcolm Subban
Extra Forwards
Normal : Daniel Carcillo, Ronalds Kenins, Zach Parise - PP : Daniel Carcillo, Ronalds Kenins - PK : Daniel Carcillo
Extra Defensemen
Normal : Tyler Cuma, Karl Alzner, Markus Nutivaara - PP : Tyler Cuma - PK : Tyler Cuma, Karl Alzner
Penalty Shots
Joe Pavelski, Brandon Dubinsky, Wayne Simmonds, Conor Sheary, Daniel Carcillo
Scratches
Arturs Kulda (Healthy), Marek Svatos (Healthy), MacKenzie Weegar (Healthy)
% Time on Ice - Jets
Lines # - Real PCT - Wanted PCT - Time Play
Normal Forward
1 - 31% - 35% - 12:48
2 - 31% - 35% - 13:07
3 - 25% - 20% - 10:25
4 - 13% - 10% - 5:38
Normal Defense
1 - 39% - 38% - 16:26
2 - 30% - 31% - 12:28
3 - 31% - 31% - 13:04
4 - 0% - 0% - 0:00
PP Forward
1 - 50% - 55% - 4:47
2 - 50% - 45% - 4:42
PP Defense
1 - 58% - 60% - 5:31
2 - 42% - 40% - 3:58
PK Forward
1 - 75% - 60% - 6:23
2 - 25% - 40% - 2:10
PK Defense
1 - 66% - 60% - 5:39
2 - 34% - 40% - 2:54
PK3 Forward
1 - 0% - 60%
2 - 0% - 40%
PK3 Defense
1 - 0% - 60%
2 - 0% - 40%
44 Forward
1 - 0% - 60%
2 - 0% - 40%
44 Defense
1 - 0% - 60%
2 - 0% - 40%
Last Minute Offensive - 0:00
Last Minute Defensive - 0:00
Total
Forward - 60:00
Defense - 60:00
|
% Time on Ice - Sharks
Lines # - Real PCT - Wanted PCT - Time Play
Normal Forward
1 - 34% - 40% - 14:14
2 - 26% - 30% - 11:05
3 - 27% - 20% - 11:30
4 - 12% - 10% - 5:09
Normal Defense
1 - 44% - 40% - 18:23
2 - 35% - 30% - 14:38
3 - 18% - 20% - 7:24
4 - 4% - 10% - 1:33
PP Forward
1 - 58% - 60% - 4:57
2 - 42% - 40% - 3:36
PP Defense
1 - 54% - 60% - 4:39
2 - 46% - 40% - 3:54
PK Forward
1 - 77% - 60% - 7:17
2 - 23% - 40% - 2:12
PK Defense
1 - 68% - 60% - 6:25
2 - 32% - 40% - 3:04
PK3 Forward
1 - 0% - 60%
2 - 0% - 40%
PK3 Defense
1 - 0% - 60%
2 - 0% - 40%
44 Forward
1 - 0% - 60%
2 - 0% - 40%
44 Defense
1 - 0% - 60%
2 - 0% - 40%
Last Minute Offensive - 0:00
Last Minute Defensive - 0:00
Total
Forward - 60:00
Defense - 60:00
|
Play-by-Play
1st period
0:01 of 1st period - Ryan Johansen wins face-off versus Brandon Dubinsky in neutral zone.
0:15 of 1st period - Minor Penalty to Mike Lundin for Roughing.
0:16 of 1st period - Ryan Johansen wins face-off versus Brandon Dubinsky in Sharks zone.
0:26 of 1st period - Snap shot by Alex Galchenyuk.
0:26 of 1st period - Stopped by Philipp Grubauer with a rebound.
2:15 of 1st period - Penalty to Mike Lundin is over, Mike Lundin is back on ice.
2:23 of 1st period - Wrist shot by Mike Lundin.
2:23 of 1st period - Stopped by Jacob Markstrom without a rebound.
2:24 of 1st period - Zach Parise wins face-off versus Alexander Wennberg in Jets zone.
2:51 of 1st period - Marco Scandella is hit by Andreas Martinsen and loses puck.
3:12 of 1st period - Wrist shot by Mike Lundin.
3:12 of 1st period - Stopped by Jacob Markstrom with a rebound.
3:18 of 1st period - Tyler Toffoli is hit by Tyler Cuma and loses puck.
4:02 of 1st period - Jussi Jokinen is hit by Oscar Sundqvist and loses puck.
4:10 of 1st period - Off-side.
4:11 of 1st period - Sam Reinhart wins face-off versus Brandon Dubinsky in neutral zone.
4:24 of 1st period - Snap shot by Noel Acciari.
4:24 of 1st period - Shot Misses the Net.
4:26 of 1st period - Minor Penalty to Mike Lundin for Slashing.
4:27 of 1st period - Ryan Johansen wins face-off versus Brandon Dubinsky in Sharks zone.
4:32 of 1st period - Wrist shot by Alex Galchenyuk.
4:32 of 1st period - Deflect By Tyler Toffoli.
4:32 of 1st period - Stopped by Philipp Grubauer without a rebound.
4:33 of 1st period - Brandon Dubinsky wins face-off versus Ryan Johansen in Sharks zone.
5:24 of 1st period - Ryan Murray is hit by Dion Phaneuf and loses puck.
5:44 of 1st period - Icing by Nick Bjugstad.
5:45 of 1st period - Tyler Seguin wins face-off versus Daniel Carcillo in Jets zone.
6:14 of 1st period - Brandon Dubinsky is hit by Tyler Seguin and loses puck.
6:26 of 1st period - Penalty to Mike Lundin is over, Mike Lundin is back on ice.
7:55 of 1st period - Snap shot by Ryan Murray.
7:55 of 1st period - Shot Misses the Net.
7:57 of 1st period - Wrist shot by Jussi Jokinen.
7:57 of 1st period - Stopped by Philipp Grubauer without a rebound.
7:58 of 1st period - Brendan Gaunce wins face-off versus Ryan Johansen in Sharks zone.
8:07 of 1st period - Snap shot by Alex Galchenyuk.
8:07 of 1st period - Stopped by Philipp Grubauer without a rebound.
8:08 of 1st period - Brandon Dubinsky wins face-off versus Alex Galchenyuk in Sharks zone.
8:41 of 1st period - Slapshot by Tyler Toffoli.
8:41 of 1st period - Shot Misses the Net.
8:43 of 1st period - Slapshot by Max Domi.
8:43 of 1st period - Stopped by Philipp Grubauer with a rebound.
8:45 of 1st period - Slapshot by Troy Stetcher.
8:45 of 1st period - Deflect By Tyler Toffoli.
8:45 of 1st period - Stopped by Philipp Grubauer without a rebound.
8:46 of 1st period - Tyler Seguin wins face-off versus Brandon Dubinsky in Sharks zone.
8:49 of 1st period - Slapshot by Tyler Toffoli.
8:49 of 1st period - Shot Misses the Net.
8:51 of 1st period - Wrist shot by Max Domi.
8:51 of 1st period - Goal by Max Domi - Jets : 1 - Sharks : 0.
8:52 of 1st period - Brandon Dubinsky wins face-off versus Tyler Seguin in neutral zone.
8:54 of 1st period - Minor Penalty to Markus Nutivaara for Hooking.
8:55 of 1st period - Ryan Johansen wins face-off versus Brandon Dubinsky in Sharks zone.
8:57 of 1st period - Snap shot by Alex Galchenyuk.
8:57 of 1st period - Stopped by Philipp Grubauer with a rebound.
8:59 of 1st period - Backhand shot by Tyler Toffoli.
8:59 of 1st period - Shot Blocked by Drew Doughty.
10:54 of 1st period - Penalty to Markus Nutivaara is over, Markus Nutivaara is back on ice.
11:44 of 1st period - Slapshot by Conor Sheary.
11:44 of 1st period - Shot Blocked by Ryan Murray.
11:46 of 1st period - Slapshot by Markus Nutivaara.
11:46 of 1st period - Stopped by Jacob Markstrom with a rebound.
12:05 of 1st period - Off-side.
12:06 of 1st period - Brandon Dubinsky wins face-off versus Ryan Johansen in neutral zone.
12:11 of 1st period - Wrist shot by Brandon Dubinsky.
12:11 of 1st period - Stopped by Jacob Markstrom with a rebound.
12:13 of 1st period - Slapshot by Drew Doughty.
12:13 of 1st period - Stopped by Jacob Markstrom without a rebound.
12:14 of 1st period - Ryan Johansen wins face-off versus Brandon Dubinsky in Jets zone.
12:21 of 1st period - Snap shot by Ryan Johansen.
12:21 of 1st period - Shot Misses the Net.
12:43 of 1st period - Snap shot by Brendan Gaunce.
12:43 of 1st period - Stopped by Jacob Markstrom with a rebound.
13:32 of 1st period - Snap shot by Alexander Wennberg.
13:32 of 1st period - Stopped by Philipp Grubauer without a rebound.
13:33 of 1st period - Brandon Dubinsky wins face-off versus Tyler Seguin in Sharks zone.
13:33 of 1st period - Brandon Dubinsky is hit by Max Domi.
14:00 of 1st period - Snap shot by Brandon Dubinsky.
14:00 of 1st period - Stopped by Jacob Markstrom with a rebound.
14:30 of 1st period - Slapshot by Drew Doughty.
14:30 of 1st period - Stopped by Jacob Markstrom without a rebound.
14:31 of 1st period - Brandon Dubinsky wins face-off versus Tyler Seguin in Jets zone.
14:38 of 1st period - Snap shot by Tyler Toffoli.
14:38 of 1st period - Shot Misses the Net.
15:33 of 1st period - Minor Penalty to Marco Scandella for Kneeing.
15:34 of 1st period - Brandon Dubinsky wins face-off versus Ryan Johansen in Jets zone.
15:40 of 1st period - Wrist shot by Joe Pavelski.
15:40 of 1st period - Shot Misses the Net.
15:42 of 1st period - Slapshot by Brandon Dubinsky.
15:42 of 1st period - Shot Blocked by Ryan Murray.
15:44 of 1st period - Backhand shot by Mike Lundin.
15:44 of 1st period - Shot Blocked by Brent Burns.
17:31 of 1st period - Mike Lundin is hit by Tyler Toffoli and loses puck.
17:33 of 1st period - Penalty to Marco Scandella is over, Marco Scandella is back on ice.
17:52 of 1st period - Slapshot by Drew Doughty.
17:52 of 1st period - Shot Misses the Net.
17:54 of 1st period - Wrist shot by Boone Jenner.
17:54 of 1st period - Shot Blocked by Troy Stetcher.
17:56 of 1st period - Slapshot by Drew Doughty.
17:56 of 1st period - Shot Misses the Net.
17:58 of 1st period - Snap shot by Ronalds Kenins.
17:58 of 1st period - Goal by Ronalds Kenins - Jets : 1 - Sharks : 1.
17:59 of 1st period - Brandon Dubinsky wins face-off versus Nick Bjugstad in neutral zone.
18:05 of 1st period - Off-side.
18:06 of 1st period - Brandon Dubinsky wins face-off versus Ryan Johansen in neutral zone.
18:13 of 1st period - Slapshot by Daniel Carcillo.
18:13 of 1st period - Shot Misses the Net.
18:15 of 1st period - Snap shot by Daniel Carcillo.
18:15 of 1st period - Shot Misses the Net.
18:17 of 1st period - Slapshot by Dion Phaneuf.
18:17 of 1st period - Deflect By Brent Burns.
18:17 of 1st period - Stopped by Jacob Markstrom without a rebound.
18:18 of 1st period - Tyler Seguin wins face-off versus Brandon Dubinsky in Jets zone.
18:43 of 1st period - Boone Jenner is hit by Ryan Johansen and loses puck.
19:04 of 1st period - Zach Parise is hit by Anthony Mantha and loses puck.
19:46 of 1st period - Wayne Simmonds is hit by Tyler Seguin and loses puck.
Goals for this period are 1 for Jets vs 1 for Sharks.
Shots for this period are 9 for Jets vs 10 for Sharks.
2nd period
0:01 of 2nd period - Tyler Seguin wins face-off versus Brandon Dubinsky in neutral zone.
0:48 of 2nd period - Snap shot by Jussi Jokinen.
0:48 of 2nd period - Stopped by Philipp Grubauer without a rebound.
0:49 of 2nd period - Oscar Sundqvist wins face-off versus Jussi Jokinen in Sharks zone.
1:25 of 2nd period - Snap shot by Oscar Sundqvist.
1:25 of 2nd period - Stopped by Jacob Markstrom with a rebound.
1:31 of 2nd period - Karl Alzner is hit by Jussi Jokinen and loses puck.
1:40 of 2nd period - Slapshot by Anthony Mantha.
1:40 of 2nd period - Shot Misses the Net.
1:42 of 2nd period - Slapshot by Marco Scandella.
1:42 of 2nd period - Stopped by Philipp Grubauer with a rebound.
1:44 of 2nd period - Slapshot by Marco Scandella.
1:44 of 2nd period - Shot Blocked by Karl Alzner.
1:46 of 2nd period - Slapshot by Adam Larsson.
1:46 of 2nd period - Goal by Adam Larsson - Jets : 2 - Sharks : 1.
1:47 of 2nd period - Tyler Seguin wins face-off versus Brandon Dubinsky in neutral zone.
2:26 of 2nd period - Snap shot by Ryan Johansen.
2:26 of 2nd period - Stopped by Philipp Grubauer without a rebound.
2:27 of 2nd period - Tyler Seguin wins face-off versus Joe Pavelski in Sharks zone.
2:31 of 2nd period - Minor Penalty to Daniel Carcillo for Tripping.
2:32 of 2nd period - Ryan Johansen wins face-off versus Brandon Dubinsky in Sharks zone.
2:32 of 2nd period - Wrist shot by Alex Galchenyuk.
2:32 of 2nd period - Goal by Alex Galchenyuk - Jets : 3 - Sharks : 1.
2:33 of 2nd period - Brandon Dubinsky wins face-off versus Max Domi in neutral zone.
3:00 of 2nd period - Ryan Johansen is hit by Mike Lundin and loses puck.
3:31 of 2nd period - Wrist shot by Zach Parise.
3:31 of 2nd period - Stopped by Jacob Markstrom without a rebound.
3:32 of 2nd period - Tyler Seguin wins face-off versus Brandon Dubinsky in Jets zone.
3:45 of 2nd period - Snap shot by Max Domi.
3:45 of 2nd period - Deflect By Brandon Dubinsky.
3:45 of 2nd period - Shot Blocked by Dion Phaneuf.
3:45 of 2nd period - Puck is out of play.
3:46 of 2nd period - Brandon Dubinsky wins face-off versus Tyler Seguin in Sharks zone.
3:46 of 2nd period - Brandon Dubinsky is hit by Max Domi.
3:54 of 2nd period - Wrist shot by Tyler Seguin.
3:54 of 2nd period - Stopped by Philipp Grubauer with a rebound.
3:56 of 2nd period - Snap shot by Tyler Seguin.
3:56 of 2nd period - Shot Misses the Net.
3:58 of 2nd period - Snap shot by Max Domi.
3:58 of 2nd period - Stopped by Philipp Grubauer without a rebound.
3:59 of 2nd period - Ryan Johansen wins face-off versus Brandon Dubinsky in Sharks zone.
5:21 of 2nd period - Snap shot by Drew Doughty.
5:21 of 2nd period - Shot Blocked by Noel Acciari.
5:37 of 2nd period - Snap shot by Brandon Dubinsky.
5:37 of 2nd period - Stopped by Jacob Markstrom without a rebound.
5:38 of 2nd period - Ryan Johansen wins face-off versus Brandon Dubinsky in Jets zone.
5:57 of 2nd period - Wrist shot by Nick Bjugstad.
5:57 of 2nd period - Stopped by Philipp Grubauer with a rebound.
5:59 of 2nd period - Wrist shot by Brent Burns.
5:59 of 2nd period - Deflect By Mike Lundin.
5:59 of 2nd period - Stopped by Philipp Grubauer with a rebound.
6:01 of 2nd period - Snap shot by Nick Bjugstad.
6:01 of 2nd period - Stopped by Philipp Grubauer with a rebound.
6:03 of 2nd period - Wrist shot by Alex Galchenyuk.
6:03 of 2nd period - Shot Blocked by Daniel Carcillo.
6:11 of 2nd period - Slapshot by Alex Galchenyuk.
6:11 of 2nd period - Stopped by Philipp Grubauer with a rebound.
6:13 of 2nd period - Snap shot by Alex Galchenyuk.
6:13 of 2nd period - Deflect By Ryan Johansen.
6:13 of 2nd period - Shot Blocked by Joe Pavelski.
6:13 of 2nd period - Puck is out of play.
6:14 of 2nd period - Boone Jenner wins face-off versus Tyler Seguin in Sharks zone.
6:24 of 2nd period - Off-side.
6:25 of 2nd period - Tyler Seguin wins face-off versus Boone Jenner in neutral zone.
6:37 of 2nd period - Slapshot by Ronalds Kenins.
6:37 of 2nd period - Stopped by Jacob Markstrom without a rebound.
6:38 of 2nd period - Tyler Seguin wins face-off versus Brandon Dubinsky in Jets zone.
6:44 of 2nd period - Minor Penalty to Max Domi for Tripping.
6:45 of 2nd period - Ryan Johansen wins face-off versus Joe Pavelski in Jets zone.
7:55 of 2nd period - Snap shot by Alexander Wennberg.
7:55 of 2nd period - Shot Misses the Net.
8:22 of 2nd period - Icing by Drew Doughty.
8:23 of 2nd period - Boone Jenner wins face-off versus Ryan Johansen in Sharks zone.
8:44 of 2nd period - Penalty to Max Domi is over, Max Domi is back on ice.
8:52 of 2nd period - Max Domi is hit by Tyler Cuma and loses puck.
9:03 of 2nd period - Wrist shot by Oscar Sundqvist.
9:03 of 2nd period - Shot Blocked by Dougie Hamilton.
9:20 of 2nd period - Adam Larsson is hit by Markus Nutivaara and loses puck.
10:39 of 2nd period - Snap shot by Zach Parise.
10:39 of 2nd period - Stopped by Jacob Markstrom without a rebound.
10:40 of 2nd period - Brandon Dubinsky wins face-off versus Ryan Johansen in Jets zone.
11:14 of 2nd period - Slapshot by Wayne Simmonds.
11:14 of 2nd period - Stopped by Jacob Markstrom with a rebound.
12:23 of 2nd period - Minor Penalty to Tyler Seguin for Diving.
12:24 of 2nd period - Ryan Johansen wins face-off versus Brandon Dubinsky in Jets zone.
12:32 of 2nd period - Slapshot by Tyler Cuma.
12:32 of 2nd period - Shot Blocked by Ryan Johansen.
12:34 of 2nd period - Slapshot by Dion Phaneuf.
12:34 of 2nd period - Deflect By Brandon Dubinsky.
12:34 of 2nd period - Stopped by Jacob Markstrom with a rebound.
12:36 of 2nd period - Slapshot by Brandon Dubinsky.
12:36 of 2nd period - Stopped by Jacob Markstrom without a rebound.
12:37 of 2nd period - Brandon Dubinsky wins face-off versus Ryan Johansen in Jets zone.
12:38 of 2nd period - Snap shot by Daniel Carcillo.
12:38 of 2nd period - Stopped by Jacob Markstrom without a rebound.
12:39 of 2nd period - Ryan Johansen wins face-off versus Brandon Dubinsky in Jets zone.
12:48 of 2nd period - Wrist shot by Ryan Johansen.
12:48 of 2nd period - Shot Blocked by Daniel Carcillo.
13:14 of 2nd period - Backhand shot by Wayne Simmonds.
13:14 of 2nd period - Stopped by Jacob Markstrom without a rebound.
13:15 of 2nd period - Brandon Dubinsky wins face-off versus Tyler Toffoli in Jets zone.
14:23 of 2nd period - Penalty to Tyler Seguin is over, Tyler Seguin is back on ice.
14:28 of 2nd period - Ryan Murray is hit by Drew Doughty and loses puck.
14:47 of 2nd period - Wrist shot by Brendan Gaunce.
14:47 of 2nd period - Stopped by Jacob Markstrom without a rebound.
14:48 of 2nd period - Boone Jenner wins face-off versus Noel Acciari in Jets zone.
15:15 of 2nd period - Dion Phaneuf is hit by Tyler Seguin and loses puck.
15:28 of 2nd period - Wrist shot by Max Domi.
15:28 of 2nd period - Deflect By Tyler Toffoli.
15:28 of 2nd period - Shot Misses the Net.
15:28 of 2nd period - Puck is out of play.
15:29 of 2nd period - Anthony Mantha wins face-off versus Brandon Dubinsky in Sharks zone.
15:30 of 2nd period - Snap shot by Alexander Wennberg.
15:30 of 2nd period - Stopped by Philipp Grubauer with a rebound.
15:40 of 2nd period - Snap shot by Joe Pavelski.
15:40 of 2nd period - Stopped by Jacob Markstrom with a rebound.
16:03 of 2nd period - Boone Jenner is hit by Max Domi and loses puck.
16:20 of 2nd period - Nick Bjugstad is hit by Conor Sheary and loses puck.
16:37 of 2nd period - Minor Penalty to Troy Stetcher for Holding.
16:38 of 2nd period - Brandon Dubinsky wins face-off versus Ryan Johansen in Jets zone.
16:39 of 2nd period - Slapshot by Daniel Carcillo.
16:39 of 2nd period - Shot Misses the Net.
16:58 of 2nd period - Icing by Tyler Cuma.
16:59 of 2nd period - Ryan Johansen wins face-off versus Brandon Dubinsky in Sharks zone.
17:12 of 2nd period - Slapshot by Joe Pavelski.
17:12 of 2nd period - Shot Misses the Net.
17:14 of 2nd period - Slapshot by Brandon Dubinsky.
17:14 of 2nd period - Goal by Brandon Dubinsky - Jets : 3 - Sharks : 2.
17:15 of 2nd period - Brandon Dubinsky wins face-off versus Tyler Seguin in neutral zone.
17:39 of 2nd period - Icing by Tyler Toffoli.
17:40 of 2nd period - Ryan Johansen wins face-off versus Wayne Simmonds in Jets zone.
Goals for this period are 2 for Jets vs 1 for Sharks.
Shots for this period are 12 for Jets vs 13 for Sharks.
3rd period
0:01 of 3rd period - Brandon Dubinsky wins face-off versus Ryan Johansen in neutral zone.
0:04 of 3rd period - Slapshot by Tyler Cuma.
0:04 of 3rd period - Shot Misses the Net.
0:10 of 3rd period - Wrist shot by Ryan Johansen.
0:10 of 3rd period - Stopped by Philipp Grubauer with a rebound.
0:14 of 3rd period - Snap shot by Alex Galchenyuk.
0:14 of 3rd period - Deflect By Ryan Johansen.
0:14 of 3rd period - Stopped by Philipp Grubauer with a rebound.
0:22 of 3rd period - Minor Penalty to Daniel Carcillo for Hooking.
0:23 of 3rd period - Brandon Dubinsky wins face-off versus Ryan Johansen in Sharks zone.
0:34 of 3rd period - Slapshot by Troy Stetcher.
0:34 of 3rd period - Deflect By Alex Galchenyuk.
0:34 of 3rd period - Shot Misses the Net.
0:34 of 3rd period - Puck is out of play.
0:35 of 3rd period - Ryan Johansen wins face-off versus Brandon Dubinsky in Sharks zone.
0:36 of 3rd period - Snap shot by Tyler Toffoli.
0:36 of 3rd period - Shot Misses the Net.
0:38 of 3rd period - Wrist shot by Troy Stetcher.
0:38 of 3rd period - Shot Blocked by Drew Doughty.
0:50 of 3rd period - Wrist shot by Ryan Johansen.
0:50 of 3rd period - Stopped by Philipp Grubauer with a rebound.
2:00 of 3rd period - Boone Jenner is hit by Nick Bjugstad.
2:22 of 3rd period - Penalty to Daniel Carcillo is over, Daniel Carcillo is back on ice.
2:28 of 3rd period - Dion Phaneuf is hit by Frank Vatrano and loses puck.
2:55 of 3rd period - Snap shot by Jussi Jokinen.
2:55 of 3rd period - Stopped by Philipp Grubauer without a rebound.
2:56 of 3rd period - Jussi Jokinen wins face-off versus Boone Jenner in Sharks zone.
3:20 of 3rd period - Alexander Wennberg is hit by Mike Lundin and loses puck.
3:38 of 3rd period - Minor Penalty to Ronalds Kenins for Tripping.
3:39 of 3rd period - Ryan Johansen wins face-off versus Brandon Dubinsky in Sharks zone.
3:40 of 3rd period - Wrist shot by Tyler Toffoli.
3:40 of 3rd period - Goal by Tyler Toffoli - Jets : 4 - Sharks : 2.
3:41 of 3rd period - Tyler Seguin wins face-off versus Brandon Dubinsky in neutral zone.
3:44 of 3rd period - Snap shot by Max Domi.
3:44 of 3rd period - Shot Misses the Net.
3:56 of 3rd period - Snap shot by Brandon Dubinsky.
3:56 of 3rd period - Shot Blocked by Ryan Murray.
4:06 of 3rd period - Markus Nutivaara is hit by Ryan Johansen and loses puck.
4:15 of 3rd period - Nick Bjugstad is hit by Ronalds Kenins and loses puck.
5:14 of 3rd period - Zach Parise is hit by Tyler Seguin and loses puck.
6:17 of 3rd period - Slapshot by Dion Phaneuf.
6:17 of 3rd period - Stopped by Jacob Markstrom without a rebound.
6:18 of 3rd period - Tyler Seguin wins face-off versus Brandon Dubinsky in Jets zone.
6:44 of 3rd period - Daniel Carcillo is hit by Noel Acciari and loses puck.
6:51 of 3rd period - Slapshot by Brandon Dubinsky.
6:51 of 3rd period - Stopped by Jacob Markstrom with a rebound.
6:53 of 3rd period - Snap shot by Joe Pavelski.
6:53 of 3rd period - Shot Misses the Net.
6:55 of 3rd period - Wrist shot by Mike Lundin.
6:55 of 3rd period - Shot Blocked by Adam Larsson.
6:57 of 3rd period - Snap shot by Brandon Dubinsky.
6:57 of 3rd period - Shot Misses the Net.
6:59 of 3rd period - Snap shot by Brandon Dubinsky.
6:59 of 3rd period - Shot Misses the Net.
7:11 of 3rd period - Anthony Mantha is hit by Boone Jenner and loses puck.
7:18 of 3rd period - Slapshot by Markus Nutivaara.
7:18 of 3rd period - Stopped by Jacob Markstrom without a rebound.
7:19 of 3rd period - Boone Jenner wins face-off versus Tyler Seguin in Jets zone.
7:24 of 3rd period - Snap shot by Wayne Simmonds.
7:24 of 3rd period - Stopped by Jacob Markstrom with a rebound.
7:26 of 3rd period - Slapshot by Markus Nutivaara.
7:26 of 3rd period - Stopped by Jacob Markstrom without a rebound.
7:27 of 3rd period - Tyler Seguin wins face-off versus Boone Jenner in Jets zone.
7:48 of 3rd period - Snap shot by Max Domi.
7:48 of 3rd period - Stopped by Philipp Grubauer without a rebound.
7:49 of 3rd period - Ryan Johansen wins face-off versus Brandon Dubinsky in Sharks zone.
8:02 of 3rd period - Backhand shot by Nick Bjugstad.
8:02 of 3rd period - Stopped by Philipp Grubauer without a rebound.
8:03 of 3rd period - Brandon Dubinsky wins face-off versus Tyler Seguin in Sharks zone.
8:29 of 3rd period - Boone Jenner is hit by Nick Bjugstad and loses puck.
8:58 of 3rd period - Dion Phaneuf is hit by Jussi Jokinen and loses puck.
9:21 of 3rd period - Snap shot by Noel Acciari.
9:21 of 3rd period - Stopped by Philipp Grubauer with a rebound.
9:25 of 3rd period - Slapshot by Sam Reinhart.
9:25 of 3rd period - Stopped by Philipp Grubauer without a rebound.
9:26 of 3rd period - Ryan Johansen wins face-off versus Boone Jenner in Sharks zone.
9:27 of 3rd period - Wrist shot by Alex Galchenyuk.
9:27 of 3rd period - Stopped by Philipp Grubauer with a rebound.
9:29 of 3rd period - Snap shot by Brent Burns.
9:29 of 3rd period - Deflect By Ronalds Kenins.
9:29 of 3rd period - Stopped by Philipp Grubauer with a rebound.
9:31 of 3rd period - Wrist shot by Alex Galchenyuk.
9:31 of 3rd period - Shot Misses the Net.
9:37 of 3rd period - Snap shot by Alex Galchenyuk.
9:37 of 3rd period - Shot Blocked by Dion Phaneuf.
9:39 of 3rd period - Slapshot by Troy Stetcher.
9:39 of 3rd period - Shot Misses the Net.
9:41 of 3rd period - Slapshot by Brent Burns.
9:41 of 3rd period - Shot Misses the Net.
9:43 of 3rd period - Wrist shot by Troy Stetcher.
9:43 of 3rd period - Shot Misses the Net.
10:09 of 3rd period - Slapshot by Ronalds Kenins.
10:09 of 3rd period - Stopped by Jacob Markstrom without a rebound.
10:10 of 3rd period - Tyler Toffoli wins face-off versus Brandon Dubinsky in Jets zone.
10:48 of 3rd period - Wrist shot by Conor Sheary.
10:48 of 3rd period - Goal by Conor Sheary - Jets : 4 - Sharks : 3.
10:49 of 3rd period - Brandon Dubinsky wins face-off versus Tyler Seguin in neutral zone.
11:05 of 3rd period - Minor Penalty to Ryan Murray for Tripping.
11:06 of 3rd period - Brandon Dubinsky wins face-off versus Ryan Johansen in Jets zone.
11:06 of 3rd period - Slapshot by Drew Doughty.
11:06 of 3rd period - Deflect By Nick Bjugstad.
11:06 of 3rd period - Stopped by Jacob Markstrom without a rebound.
11:07 of 3rd period - Ryan Johansen wins face-off versus Brandon Dubinsky in Jets zone.
12:05 of 3rd period - Slapshot by Tyler Toffoli.
12:05 of 3rd period - Shot Misses the Net.
12:19 of 3rd period - Wrist shot by Joe Pavelski.
12:19 of 3rd period - Shot Misses the Net.
12:43 of 3rd period - Brandon Dubinsky is hit by Marco Scandella and loses puck.
13:05 of 3rd period - Penalty to Ryan Murray is over, Ryan Murray is back on ice.
13:21 of 3rd period - Snap shot by Tyler Seguin.
13:21 of 3rd period - Shot Misses the Net.
13:31 of 3rd period - Snap shot by Noel Acciari.
13:31 of 3rd period - Stopped by Philipp Grubauer with a rebound.
13:33 of 3rd period - Slapshot by Ryan Murray.
13:33 of 3rd period - Stopped by Philipp Grubauer with a rebound.
13:35 of 3rd period - Slapshot by Ryan Murray.
13:35 of 3rd period - Stopped by Philipp Grubauer with a rebound.
13:37 of 3rd period - Slapshot by Ryan Murray.
13:37 of 3rd period - Stopped by Philipp Grubauer without a rebound.
13:38 of 3rd period - Alexander Wennberg wins face-off versus Oscar Sundqvist in Sharks zone.
13:49 of 3rd period - Wrist shot by Alexander Wennberg.
13:49 of 3rd period - Shot Misses the Net.
13:51 of 3rd period - Slapshot by Jussi Jokinen.
13:51 of 3rd period - Goal by Jussi Jokinen - Jets : 5 - Sharks : 3.
13:52 of 3rd period - Alex Galchenyuk wins face-off versus Brandon Dubinsky in neutral zone.
13:55 of 3rd period - Snap shot by Nick Bjugstad.
13:55 of 3rd period - Shot Misses the Net.
14:31 of 3rd period - Wrist shot by Tyler Seguin.
14:31 of 3rd period - Shot Misses the Net.
14:52 of 3rd period - Slapshot by Zach Parise.
14:52 of 3rd period - Stopped by Jacob Markstrom with a rebound.
14:54 of 3rd period - Snap shot by Oscar Sundqvist.
14:54 of 3rd period - Stopped by Jacob Markstrom without a rebound.
14:55 of 3rd period - Daniel Carcillo wins face-off versus Nick Bjugstad in Jets zone.
15:22 of 3rd period - Adam Larsson is hit by Tyler Cuma and loses puck.
15:33 of 3rd period - Wrist shot by Anthony Mantha.
15:33 of 3rd period - Stopped by Philipp Grubauer without a rebound.
15:34 of 3rd period - Ryan Johansen wins face-off versus Andreas Martinsen in Sharks zone.
15:37 of 3rd period - Snap shot by Alex Galchenyuk.
15:37 of 3rd period - Shot Misses the Net.
15:39 of 3rd period - Wrist shot by Ryan Johansen.
15:39 of 3rd period - Stopped by Philipp Grubauer with a rebound.
15:41 of 3rd period - Snap shot by Ryan Johansen.
15:41 of 3rd period - Stopped by Philipp Grubauer with a rebound.
16:06 of 3rd period - Snap shot by Zach Parise.
16:06 of 3rd period - Stopped by Jacob Markstrom without a rebound.
16:07 of 3rd period - Oscar Sundqvist wins face-off versus Alexander Wennberg in Jets zone.
17:26 of 3rd period - Troy Stetcher is hit by Dion Phaneuf.
17:59 of 3rd period - Wrist shot by Oscar Sundqvist.
17:59 of 3rd period - Stopped by Jacob Markstrom with a rebound.
18:01 of 3rd period - Wrist shot by Oscar Sundqvist.
18:01 of 3rd period - Shot Blocked by Brent Burns.
18:03 of 3rd period - Wrist shot by Oscar Sundqvist.
18:03 of 3rd period - Goal by Oscar Sundqvist - Jets : 5 - Sharks : 4.
18:04 of 3rd period - Anthony Mantha wins face-off versus Brendan Gaunce in neutral zone.
18:13 of 3rd period - Snap shot by Jussi Jokinen.
18:13 of 3rd period - Shot Misses the Net.
18:29 of 3rd period - Minor Penalty to Brandon Dubinsky for Hooking.
18:30 of 3rd period - Boone Jenner wins face-off versus Ryan Johansen in Sharks zone.
18:57 of 3rd period - Boone Jenner is hit by Tyler Seguin and loses puck.
19:02 of 3rd period - Slapshot by Tyler Seguin.
19:02 of 3rd period - Stopped by Philipp Grubauer without a rebound.
19:03 of 3rd period - Patrick Roy call a timeout for Sharks.
19:03 of 3rd period - Boone Jenner wins face-off versus Tyler Seguin in Sharks zone.
19:03 of 3rd period - Boone Jenner is hit by Tyler Seguin.
Goals for this period are 2 for Jets vs 2 for Sharks.
Shots for this period are 20 for Jets vs 13 for Sharks.